 Dungeon Crawl Stone Soup version 0.31-a0-836-g3ceb0a68c4 (webtiles) character file.

Game seed: 3770940805351915400

84 kae the Changeling (level 4, -1/35 HPs)
             Began as a Draconian Shapeshifter on Sept 26, 2023.
             Slain by Natasha (5 damage)
             ... on level 2 of the Dungeon.
             The game lasted 00:00:51 (1148 turns).

kae the Changeling (Draconian Shapeshifter)         Turns: 1148, Time: 00:00:51

Health: -1/35      AC:  0    Str: 17    XL:     4   Next: 23%
Magic:  4/4        EV: 19    Int: 10    God:
Gold:   54         SH:  0    Dex: 17    Spells: 3/3 levels left

rFire   . .          .
                       - Unarmed
rCold   . . .        (shield currently unavailable)
rNeg    . . .        (body armour unavailable)
rPois   .            (helmet currently unavailable)
rElec   .            (cloak currently unavailable)
rCorr   .            (gloves currently unavailable)
SInv    .            (boots currently unavailable)
Will    .....        (no amulet)
Stlth   ++           (ring currently unavailable)
HPRegen 0.25/turn    (ring currently unavailable)
MPRegen 0.09/turn

%: no passive effects
@: bat-form (expiring), flying, hasted, very quick
A: fast, flying, no casting, AC +5, tiny, unfitting armour, (cold-blooded)
a: no special abilities


You were on level 2 of the Dungeon.
You were a bat.
You visited 1 branch of the dungeon, and saw 2 of its levels.

You collected 54 gold pieces.


Innate Abilities, Weirdness & Mutations

You are a bat.
You are tiny and dextrous.
You move quickly.
You are flying.
Your equipment is almost entirely melded.
You are incapable of wielding weapons or throwing items.
You cannot cast spells.
((Your plain brown scales are hard. (AC +5)))
You cannot fit into any form of body armour.
((You are cold-blooded and may be slowed by cold attacks.))


   Skills:
 - Level 1.1 Fighting
 - Level 1.7 Dodging
 + Level 3.8 Unarmed Combat
 * Level 4.3 Shapeshifting


You had 3 spell levels left.
You didn't know any spells.
Your spell library was empty.

Inventory:

Missiles
 e - 21 stones
Talismans
 b - a beast talisman
 c - a flux talisman
Scrolls
 f - a scroll of amnesia {unknown}
 g - a scroll of noise {unknown}
 h - a scroll of vulnerability {unknown}
Potions
 a - a potion of lignification {!q}
 d - a potion of haste {@q3}

Dungeon Overview and Level Annotations

Branches:
Dungeon (2/15) Zot: 10851

Altars:

Annotations:
D:2 Natasha

####...##.#.....# #.#
#.#.##.#.....##### #.#
#)#.##.#.........###.#
##......#.....#.#.....#
#.......###.#.....##..#
#.##.##.###.#.#.#.##..#
#.##.#............##.##
#.##.....h..)....###.#
#.##...5.b......## #.#####
#.##.#..........####.##...
#.......#.......#.......##
####.#............#.#.#...
#.#.......)..#.........
#.#####...####.#รท#.#...
#.........# #........#
#######...# #.#.#.#..#
#...# #........#


You could see Natasha and a cerulean imp (summoned).


Message History

๐Ÿ˜• HP[+7] MP[+1]
You now have 35 max hp (+7).
You regained 7 hp, and now have 33/35 hp.
Your mp is fully restored (4).
A hobgoblin comes into view. ๐Ÿ˜Ž HP[+2]
Your hp is fully restored (35).
A hobgoblin is nearby!
Unknown command.
A hobgoblin is nearby!
A hobgoblin is nearby!
A hobgoblin is nearby!
The hobgoblin shouts!
A hobgoblin is nearby!
You hit the hobgoblin but do no damage. You tail-slap the hobgoblin.
The hobgoblin hits you but does no damage.
You hit the hobgoblin but do no damage. The hobgoblin barely misses you.
A hobgoblin is nearby!
You punch the hobgoblin!
You kill the hobgoblin!
No target in view!
There is a stone staircase leading down here.
Found an escape hatch in the floor.
No target in view!
No target in view!
You see here a +0 whip.
There is an escape hatch in the floor here.
You see here a +0 helmet.
Things that are here:
a +0 dagger; the felid skeleton of Natasha Natasha, Servant of Life and Death comes into view.
She is carrying a wand of polymorph.
Natasha hisses angrily.
You hit Natasha.
Your tail-slap misses Natasha.
Natasha barely misses you.
You closely miss Natasha.
Natasha zaps a wand.
Your transformation has ended.
You turn into a bat.
Natasha is nearby!
You hit Natasha but do no damage. Natasha barely misses you.
You hit Natasha. Natasha barely misses you.
Natasha is nearby!
You closely miss Natasha. Natasha barely misses you.
You hit Natasha but do no damage. Natasha closely misses you.
You miss Natasha. Natasha barely misses you.
You barely miss Natasha. You barely miss Natasha. Natasha claws you!
You closely miss Natasha. Natasha misses you. ๐Ÿ˜• HP[-8]
You take 8 damage, and now have 27/35 hp.
MASSIVE DAMAGE!! (PAUSE)
You hit Natasha but do no damage.
Natasha mumbles some strange words.
Natasha shimmers violently.
Natasha misses you. ๐Ÿ˜• HP[+1]
You barely miss Natasha. Natasha completely misses you.
Unknown command.
You hit Natasha. Natasha closely misses you.
Unknown command.
You hit Natasha.
Natasha stares at you and mumbles some strange words.
The magic dart hits you! ๐Ÿ˜ฎ HP[-8]
You take 8 damage, and now have 20/35 hp.
MASSIVE DAMAGE!! (PAUSE)
You closely miss Natasha. Natasha claws you!
* * * LOW HITPOINT WARNING * * *
๐Ÿ˜จ HP[-8]
You take 8 damage, and now have 12/35 hp.
MASSIVE DAMAGE!! (PAUSE)
You closely miss Natasha. Natasha claws you!
* * * LOW HITPOINT WARNING * * *
๐Ÿ˜ฑ HP[-9]
You take 9 damage, and now have 3/35 hp.
MASSIVE DAMAGE!! (PAUSE)
You barely miss Natasha.
Natasha stares at you and mumbles some strange words.
You resist with some effort.
You barely miss Natasha. Natasha misses you.
Unknown command.
It was a potion of haste.
You feel yourself speed up. Natasha closely misses you.
Natasha is nearby!
You are stuck in your current form!
Natasha is nearby!
Unknown command.
You hit Natasha but do no damage. ๐Ÿ˜ฑ HP[+1]
You hit Natasha but do no damage.
Natasha casts a spell.
Unknown command.
You hit Natasha but do no damage. Natasha barely misses you.
You barely miss Natasha. The cerulean imp barely misses you.
Natasha closely misses you.
You closely miss Natasha.
Your transformation is almost over.
The cerulean imp misses you.
You barely miss Natasha. Natasha claws you.
You die...
Natasha begins licking her fur clean.

Skill      XL: |  1  2  3 |
---------------+----------+-----
Shapeshifting  | 4 |  4.3
Fighting       | |  1.1
Dodging        | |  1.7
Unarmed Combat | |  3.8

Action                     |  1- 3 |  4- 6 || total
---------------------------+-------+-------++-------
  Melee: Unarmed           |    84 |    27 ||   111
         Punch             |     1 |       ||     1
         Tailslap          |     2 |     1 ||     3
    Use: Scroll            |     1 |       ||     1
         Potion            |       |     1 ||     1
 Armour: Skin              |    52 |     6 ||    58
  Dodge: Dodged            |    51 |    17 ||    68

Levels and vault maps discovered:
D:1:      ldierk_walled_garden, layout_rooms, serial_curves, eino_curves_04,
          eino_curves_01, kennysheep_crisscross
D:2:      layout_loops_cross, serial_glass, glass_columns_b, glass_columns_a,
          glass_columns_a, glass_columns_a, glass_columns_b, glass_columns_b,
          chequers_serial_rivers_micro_d, uniq_natasha, uniq_sigmund

Notes
Turn   | Place    | Note
-------+----------+-------------------------------------------
     0 | D:1      | kae the Draconian Shapeshifter began the quest for the Orb.
     0 | D:1      | Reached XP level 1. HP: 16/16 MP: 1/1
     0 | D:1      | magus.rc [v1.11.3]
   187 | D:1      | Reached XP level 2. HP: 18/23 MP: 2/2
   803 | D:2      | Reached XP level 3. HP: 27/28 MP: 3/3
   884 | D:2      | Noticed Natasha
   894 | D:2      | Killed Natasha
   895 | D:2      | Reached skill level 4 in Shapeshifting
   937 | D:2      | Noticed Natasha
   947 | D:2      | Killed Natasha
   948 | D:2      | Reached XP level 4. HP: 33/35 MP: 4/4
  1121 | D:2      | Noticed Natasha
  1139 | D:2      | HP: 3/35 [Natasha (9)]
  1148 | D:2      | Slain by Natasha

Vanquished Creatures
  Natasha (twice) (D:2)
  2 dart slugs
  3 endoplasms (D:1)
  A giant cockroach (D:2)
  6 goblins
  2 hobgoblins (D:2)
  3 jackals (D:2)
  4 ball pythons
  2 bats
  3 frilled lizards
  4 kobolds
32 creatures vanquished.

Table legend:
 A = Non-vault XP
 B = Vault XP
 C = Vault XP percentage of total XP
 D = Non-vault monster count
 E = Vault monster count
 F = Vault count percentage of total count
                 A         B        C        D         E       F
            +---------+---------+-------+---------+---------+-------
      Total |      87 |      33 |  27.5 |      31 |       1 |   3.1
            +---------+---------+-------+---------+---------+-------
        D:1 |      25 |       0 |   0.0 |      14 |       0 |   0.0
        D:2 |      62 |      33 |  34.7 |      17 |       1 |   5.6
            +---------+---------+-------+---------+---------+-------

Skill      XL: |  1  2  3 |
---------------+----------+-----
Shapeshifting  | 4 |  4.3
Fighting       | |  1.1
Dodging        | |  1.7
Unarmed Combat | |  3.8

Action                     |  1- 3 |  4- 6 || total
---------------------------+-------+-------++-------
  Melee: Unarmed           |    84 |    27 ||   111
         Punch             |     1 |       ||     1
         Tailslap          |     2 |     1 ||     3
    Use: Scroll            |     1 |       ||     1
         Potion            |       |     1 ||     1
 Armour: Skin              |    52 |     6 ||    58
  Dodge: Dodged            |    51 |    17 ||    68

Illustrated notes

Table legend:
 A = Kills in this place as a percentage of kills in the entire game.
 B = Kills by you in this place as a percentage of kills by you in the entire game.
 C = Kills by friends in this place as a percentage of kills by friends in the entire game.
 D = Other kills in this place as a percentage of other kills in the entire game.
 E = Experience gained in this place as a percentage of experience gained in the entire game.
 F = Experience gained in this place divided by the number of levels of this place that you have seen.
                   A       B       C       D       E      F
               +-------+-------+-------+-------+-------+----------------------
         Total | 100.0 | 100.0 |   N/A |   N/A | 100.0 |  60.0
       Dungeon | 100.0 | 100.0 |   N/A |   N/A | 100.0 |  60.0
               +-------+-------+-------+-------+-------+----------------------

Table legend: (Time is in decaauts)
 A = Elapsed time spent in this place.
 B = Non-inter-level travel time spent in this place.
 C = Inter-level travel time spent in this place.
 D = Time resting spent in this place.
 E = Time spent auto-exploring this place.
 F = Levels seen in this place.
 G = Mean time per level.
                   A        B        C        D        E       F      G
               +--------+--------+--------+--------+--------+-----+--------+
         Total |   1147 |   1119 |     28 |    110 |    802 |   2 |  573.5 |
       Dungeon |   1147 |   1119 |     28 |    110 |    802 |   2 |  573.5 |
               +--------+--------+--------+--------+--------+-----+--------+

Top non-repeatable levels by time:
     D:1: 654 daAuts
     D:2: 493 daAuts
